 Dungeon Crawl Stone Soup version 0.30.1-11-g7821555f0a (webtiles) character file.

Game seed: 1645530891204732051

30 CaptainMV the Slasher (level 3, -3/33 HPs)
             Began as a Naga Wanderer on Nov 23, 2023.
             Was a Follower of Vehumet.
             Slain by a worm (10 damage)
             ... on level 2 of the Dungeon.
             The game lasted 00:05:22 (613 turns).

CaptainMV the Slasher (Naga Wanderer)                Turns: 613, Time: 00:05:22

Health: -3/33      AC:  3    Str: 13    XL:     3   Next: 18%
Magic:  3/3        EV:  8    Int: 10    God:    Vehumet [*.....]
Gold:   40         SH:  4    Dex: 15    Spells: 1/2 levels left

rFire   . . .        a - +2 falchion
rCold   . . .        c - +0 buckler
rNeg    . . .        e - +0 leather armour
rPois   +            (no helmet)
rElec   .            (no cloak)
rCorr   .            g - +0 pair of gloves
SInv    +            (no barding)
Will    .....        (no amulet)
Stlth   +            (no ring)
HPRegen 0.25/turn    (no ring)
MPRegen 0.08/turn

%: no passive effects
@: very slow
A: AC +1, large, see invisible, deformed body, poison resistance, slowness 2,
spit poison 1, naga tail 1
a: Spit Poison, Renounce Religion


You were on level 2 of the Dungeon.
You worshipped Vehumet.
Vehumet was aware of your devotion.
You visited 1 branch of the dungeon, and saw 2 of its levels.

You collected 40 gold pieces.

Inventory:

Hand Weapons
 a - a +2 falchion (weapon)
 b - a +0 mace
Missiles
 k - 3 boomerangs (quivered)
Armour
 c - a +0 buckler (worn)
 e - a +0 leather armour (worn)
 g - a +0 pair of gloves (worn)
 l - an orb of guile
Scrolls
 d - a scroll of blinking
Potions
 f - a potion of heal wounds
 h - a potion of flight {unknown}
 i - a potion of haste {unknown}
 j - a potion of curing {unknown}


   Skills:
 + Level 2.3 Fighting
 + Level 3.7 Long Blades
 + Level 1.0 Maces & Flails
 + Level 2.0 Throwing
 + Level 0.3 Armour
 + Level 0.1 Dodging
 + Level 1.0 Shields
 + Level 1.0 Evocations


You had one spell level left.
You knew the following spells:

 Your Spells              Type           Power      Damage    Failure   Level
a - Shock                 Conj/Air       0%         1d3       56%         1

Your spell library contained the following spells:

 Spells                   Type           Power      Damage    Failure   Level
 Stone Arrow              Conj/Erth      0%         3d7       90%         3
 Animate Armour           Summ/Erth      0%         N/A       100%        4
 Lehudib's Crystal Spear  Conj/Erth      0%         10d2      100%        8


Dungeon Overview and Level Annotations

Branches:
Dungeon (2/15)

Altars:
Ru
Vehumet


Innate Abilities, Weirdness & Mutations

Your serpentine skin is tough. (AC +1)
You have supernaturally acute eyesight. (SInv)
Armour fits poorly on your strangely shaped body.
Your system is resistant to poisons. (rPois)
You cover ground very slowly.
You can spit poison.
You have a snake-like lower body.


Message History

Vehumet accepts your kill.
The jackal bites you but does no damage.
The jackal bites you. The jackal barely misses you. The jackal bites you.
The jackal closely misses you.
The jackal bites you but does no damage.
The jackal barely misses you.
You hit the jackal but do no damage. The jackal barely misses you.
You block the jackal's attack. The jackal closely misses you.
A worm comes into view.
You closely miss the jackal. You block the jackal's attack.
The jackal bites you but does no damage.
The jackal closely misses you. x2
You slash the jackal!
You kill the jackal!
Vehumet accepts your kill. You block the jackal's attack.
The jackal closely misses you. The jackal bites you.
You see here a jackal corpse.
The jackal bites you but does no damage. x2
You completely miss the jackal. The jackal barely misses you.
You closely miss the jackal. The jackal bites you. x2
You hit the jackal.
The jackal is almost dead.
The jackal bites you but does no damage.
The jackal bites you.
You hit the jackal.
You kill the jackal!
Vehumet accepts your kill.
You hit the worm.
The worm is moderately wounded.
The worm bites you!
You hit the worm.
The worm is moderately wounded.
The worm bites you!
* * * LOW HITPOINT WARNING * * *
You hit the worm.
The worm is heavily wounded.
The worm bites you!
You die...

....... #......... .......
#......... .......
#.........
.......########.........
........................
........................
.......................)
......w.................
...)...@†..........#.#.#
.......#########.###.#.#
##...## #.....#.#
############### #######.#
#.............# ##'#
#(............# #...
#.............#########...
#..?..........#......##...
#.............#......'...#


You could see a worm.

Vanquished Creatures
  A dart slug (D:2)
  A bat (D:2)
  3 endoplasms (D:1)
  3 goblins
  2 hobgoblins (D:1)
  3 jackals (D:2)
  3 kobolds
  A quokka (D:1)
  3 ball pythons
  2 frilled lizards (D:1)
  A rat (D:1)
  A spectral hobgoblin (D:1)
24 creatures vanquished.

Notes
Turn   | Place    | Note
-------+----------+-------------------------------------------
     0 | D:1      | CaptainMV the Naga Wanderer began the quest for the Orb.
     0 | D:1      | CaptainMV set off with the following items: a +2 falchion,
                  | a +0 mace, a +0 buckler, a scroll of blinking, a +0 leather
                  | armour.
     0 | D:1      | Reached XP level 1. HP: 19/19 MP: 1/1
   116 | D:1      | Reached XP level 2. HP: 26/26 MP: 2/2
   377 | D:1      | Found a faded altar of an unknown god.
   391 | D:1      | Prayed at the altar of an unknown god.
   391 | D:1      | Became a worshipper of Vehumet
   391 | D:1      | Reached * piety under Vehumet
   391 | D:1      | Offered knowledge of Shock by Vehumet.
   394 | D:1      | Learned a level 1 spell: Shock
   532 | D:2      | Reached XP level 3. HP: 33/33 MP: 1/3
   553 | D:2      | Found a sacrificial altar of Ru.
   613 | D:2      | Slain by a worm

Illustrated notes

Levels and vault maps discovered:
D:1:      dpeg_arrival_pond, layout_loops_cross,
          dreamdust_ecumenical_altar_drowned_temple
D:2:      layout_basic, basic_altar

Skill      XL: |  1  2 |
---------------+-------+-----
Throwing       | 2 |  2.0
Fighting       | |  2.3
Long Blades    | |  3.7
Maces & Flails | |  1.0
Armour         | |  0.3
Dodging        | |  0.1
Shields        | |  1.0
Evocations     | |  1.0

Action                     || total
---------------------------++-------
  Melee: Falchion          ||    63
   Cast: Shock             ||     2
    Use: Scroll            ||     1
 Armour: Leather armour    ||    22
  Dodge: Dodged            ||    28
  Block: Buckler           ||     9
